 Dungeon Crawl Stone Soup version 0.22-a0-86-g94e0ad4 (console) character file.

7 Evablue the Skirmisher (level 2, 0/28 HPs)
             Began as a Naga Fighter on Jan 20, 2018.
             Slain by a kobold
             ... wielding a +0 short sword
              (2 damage)
             ... on level 1 of the Dungeon.
             The game lasted 00:00:52 (123 turns).

Evablue the Skirmisher (Naga Fighter)                Turns: 123, Time: 00:00:52

Health: 0/28       AC:  4    Str: 18    XL:     2   Next: 0%
Magic:  2/2        EV:  5    Int:  8    God:
Gold:   0          SH:  8    Dex: 10    Spells: 1/1 levels left

rFire    . . .     SeeInvis +   a - +0 flail
rCold    . . .     Gourm    .   c - +0 shield
rNeg     . . .     Faith    .   b - +0 scale mail
rPois    +         Spirit   .   (no helmet)
rElec    .         Reflect  .   (no cloak)
rCorr    .         Harm     .   (no gloves)
MR       .....                  (no barding)
Stlth    ..........             (no amulet)
HPRegen  0.09/turn              (no ring)
MPRegen  0.08/turn              (no ring)

@: short of breath, very slow
A: large, see invisible, deformed body, poison resistance, slowness 2, slow
metabolism 1, spit poison 1, AC +0
a: Spit Poison


You were on level 1 of the Dungeon.
You were not hungry.

You visited 1 branch of the dungeon, and saw 1 of its levels.

Inventory:

Hand Weapons
 a - a +0 flail (weapon)
Armour
 b - a +0 scale mail (worn)
 c - a +0 shield (worn)
Jewellery
 g - an uncursed ring of positive energy {unknown}
Scrolls
 e - a scroll of teleportation {unknown}
Potions
 d - a potion of might
Comestibles
 f - a ration


   Skills:
 + Level 3.1 Fighting
 + Level 2.0 Maces & Flails
 + Level 2.5 Armour
 + Level 2.6 Shields


You had one spell level left.
You didn't know any spells.

Dungeon Overview and Level Annotations

Branches:
Dungeon (1/15)

Altars:


Innate Abilities, Weirdness & Mutations

You cannot wear boots.
Your serpentine skin is tough. (AC +0)
You have supernaturally acute eyesight. (SInv)
Armour fits poorly on your strangely shaped body.
Your system is resistant to poisons. (rPois)
You cover ground very slowly.
You have a slow metabolism.
You can spit poison.


Message History

Aim: a bat (severely wounded)
The splash of poison hits the bat.
You kill the bat!
You have reached level 2!
You feel slightly more hungry. You block the kobold's attack.
Your shield and scale mail prevent you from hitting the kobold.
You have got your breath back.
You block the kobold's attack. The kobold hits you but does no damage.
You closely miss the kobold. The kobold hits you with a short sword.
* * * LOW HITPOINT WARNING * * *
Press: ? - help, Shift-Dir - straight line, f - kobold
Aim: a kobold, wielding a short sword The splash of poison misses the kobold.
You feel slightly more hungry. The kobold barely misses you.
Your shield and scale mail prevent you from hitting the kobold.
The kobold hits you but does no damage.
You miss the kobold.
The kobold hits you but does no damage. x2
You closely miss the kobold. The kobold hits you with a short sword.
You die...

### .. .# .###### .#
####......# .#
.#.@......#####.##
.#K#.............# #
##.#.#.....#.......# #.
#..#†#.....#.......##
##.#..##.##.#..............#
.......(.†..+...........>..#
......##.##.#..............#
#.##. #.##.#..............#
# #.##'#..............#


You could see a kobold.

Vanquished Creatures
  A bat (D:1)
  4 jackals (D:1)
5 creatures vanquished.

Notes
Turn   | Place    | Note
-------+----------+-------------------------------------------
     0 | D:1      | Evablue the Naga Fighter began the quest for the Orb.
     0 | D:1      | Reached XP level 1. HP: 21/21 MP: 1/1
   115 | D:1      | Reached XP level 2. HP: 6/28 MP: 2/2
   123 | D:1      | Slain by a kobold

Vault maps used:
D:1:      dpeg_arrival_chambers_temple_mockup, serial_glass, glass_columns_c,
          glass_columns_a, minmay_domino_2

Action                   || total
-------------------------++-------
Melee: Flail             ||    23
 Abil: Spit Poison       ||     7
Armor: Scale mail        ||    16
Dodge: Dodged            ||     9
Block: Shield            ||    19

Table legend:
 A = Spawn XP
 B = Non-spawn XP
 C = Spawn XP percentage of total XP
 D = Spawn monster count
 E = Non-spawn monster count
 F = Spawn count percentage of total count
 G = Total turns spent on level
                    A         B        C        D         E        F      G
               +---------+---------+-------+---------+---------+-------+---------
         Total |       0 |      10 |   0.0 |       0 |       5 |   0.0 |   123
               +---------+---------+-------+---------+---------+-------+---------
           D:1 |       0 |      10 |   0.0 |       0 |       5 |   0.0 |   123
               +---------+---------+-------+---------+---------+-------+---------
